 Dungeon Crawl Stone Soup version 0.19.0 (webtiles) character file.

78628 Eucla the Fighter (level 15, -4/111 HPs)
             Began as a Gargoyle Gladiator on Nov 14, 2016.
             Was an Initiate of Gozag.
             Slain by an orc knight
             ... wielding a +0 broad axe
              (12 damage)
             ... on level 2 of the Orcish Mines.
             The game lasted 00:46:18 (25707 turns).

Eucla the Fighter (Gargoyle Gladiator)             Turns: 25707, Time: 00:46:20

Health: -4/111     AC: 18    Str: 20 (21) XL:     15   Next: 60%
Magic:  15/15      EV: 13    Int: 12 (14) God:    Gozag
Gold:   3641       SH:  0    Dex: 15      Spells: 0 memorised, 14 levels left

rFire  + + .     SeeInvis .     E - +0 quarterstaff (freeze)
rCold  + + .     Gourm    .     t - +3 plate armour {rF+}
rNeg   + . .     Faith    .     (shield currently unavailable)
rPois  ∞         Spirit   .     c - +0 helmet
rElec  +         Reflect  .     F - +1 cloak
rCorr  .         Harm     .     T - +2 pair of gloves
MR     +....     Clarity  +     V - +0 pair of boots
Stlth  ..........               y - amulet of rage
                                I - ring of New Discoveries {rF+ rC++ Slay+3}
                                o - +6 ring of protection

@: about to teleport, corroded, gold aura, very slightly contaminated, hasted,
very quick
A: big wings, clarity, clever 2, deterioration 1, negative energy resistance 1,
robust 1, electricity resistance, strong 1, unbreathing, petrification
resistance, rot immunity, AC +11
a: Fly, Potion Petition, Call Merchant, Bribe Branch, Renounce Religion, Evoke
Berserk Rage


You were on level 2 of the Orcish Mines.
You worshipped Gozag.
Gozag was most pleased with you.
You were not hungry.

You visited 4 branches of the dungeon, and saw 24 of its levels.
You also visited: Labyrinth and Ice Cave.

You collected 7683 gold pieces.
You spent 1025 gold pieces at shops.
You paid 3017 gold pieces to Gozag.

Inventory:

Hand Weapons
 E - a +0 quarterstaff of freezing (weapon)
Armour
 c - a +0 helmet (worn)
 t - a +3 plate armour of fire resistance (worn)
 F - a +1 cloak (worn)
 T - a +2 pair of gloves (worn)
 V - a +0 pair of boots (worn)
Jewellery
 o - a +6 ring of protection (left hand)
 y - an amulet of rage (around neck)
 I - the ring of New Discoveries (right hand) {rF+ rC++ Slay+3}
   (You took it off a minotaur in a labyrinth)

   [ring of protection from fire]

   It affects your accuracy and damage with ranged weapons and melee attacks
   (+3).
   It protects you from fire.
   It greatly protects you from cold.
 O - an uncursed amulet of regeneration
Wands
 a - a wand of hasting (2/9)
 m - a wand of hasting (7/9)
 r - a wand of confusion (26/48)
 u - a wand of acid (6/15)
 L - a wand of lightning (9/15)
Scrolls
 d - 7 scrolls of identify
 e - 7 scrolls of teleportation
 h - 2 scrolls of torment
 j - 3 scrolls of amnesia
 k - 10 scrolls of remove curse
 n - 4 scrolls of fog
 s - 4 scrolls of enchant weapon
 z - 2 scrolls of recharging
 P - 3 scrolls of enchant armour
Potions
 i - 3 potions of haste
 l - 4 potions of brilliance
 w - 7 potions of curing
 x - a potion of invisibility
 A - 2 potions of cancellation
 B - a potion of heal wounds
 D - 5 potions of might
 G - 3 potions of magic
 H - a potion of cure mutation
 J - 2 potions of ambrosia
 Q - a potion of agility
Books
 g - a book of Flames

   Spells                             Type                      Level
   a - Flame Tongue                   Conjuration/Fire             1
   b - Throw Flame                    Conjuration/Fire             2
   c - Conjure Flame                  Conjuration/Fire             3
   d - Inner Flame                    Hexes/Fire                   3
   e - Sticky Flame                   Conjuration/Fire             4
   f - Fireball                       Conjuration/Fire             5
Miscellaneous
 W - a lamp of fire
Comestibles
 b - 9 beef jerkies
 f - 12 bread rations
 p - 10 royal jellies
 K - 4 meat rations


   Skills:
 + Level 14.5 Fighting
 - Level 14.1 Staves
 - Level 1.7 Throwing
 + Level 14.3 Armour
 + Level 11.8 Dodging


You had 14 spell levels left.
You didn't know any spells.

Dungeon Overview and Level Annotations

Branches:
Dungeon (15/15)            Temple (1/1) D:5            Lair (6/6) D:8
  Swamp (0/4) Lair:2       Spider (0/4) Lair:2        Slime (0/5) Lair:6
    Orc (2/2) D:12         Vaults (0/5) D:14         Depths (0/5) D:15
    Elf: Orc:2

Altars:
Dithmenos
Elyvilon
Gozag
Hepliaklqana
Makhleb
Nemelex Xobeh
Okawaru
Qazlal
Sif Muna
Trog
Uskayaw
Vehumet
Xom
Zin
The Shining One
Beogh

Shops:
D:9 [   D:10 %   D:15 ?   Lair:3 (

Annotations:
D:5 Prince Ribbit


Innate Abilities, Weirdness & Mutations

You are resistant to torment.
Your stone body is resilient. (AC +11)
You are immune to poison.
Your large and strong wings let you fly indefinitely.
You resist negative energy. (rN+)
You are resistant to electric shocks. (rElec)
You can survive without breathing.
You are immune to petrification.
You are immune to rotting.
You possess an exceptional clarity of mind.
Your mind is very acute. (Int +4)
Your body sometimes deteriorates upon taking damage.
You are robust. (+10% HP)
Your muscles are strong. (Str +2)


Message History

The orc high priest is almost dead.
The warg is no longer distracted by gold.
The chaos spawn gores you.
You feel yourself speed up.
You are very lightly contaminated with residual magic.
The warg bites you!
The red devil hits you from afar with a demon trident of electrocution!
* * * LOW HITPOINT WARNING * * *
Your body deteriorates!
You feel dopey.
The orc warrior hits you with a battleaxe!
* * * LOW HITPOINT WARNING * * *
Your body deteriorates!
You feel weakened.
The orc high priest hits you but does no damage.
Unknown command.
As you read the scroll of teleportation, it crumbles to dust.
You feel strangely unstable. The rust devil hits you.
The rust devil corrodes you! The warg misses you.
The chaos spawn hits you but does no damage.
The orc knight hits you with a broad axe!
You die...
Your body crumbles into a pile of gold. $ #.......# .......# . ......###... ..o3...#... ### ho$o...... ##.## oooh.....

###...## #oo4.....
#......### ##@4o....#
###........###ho4......
##...........#..o.......
.............#..........
......##...........#....
.......#.........#.##...
......#####......###
...$ .......###........#
.. .......#......#....#


You could see an orc knight, a soul eater, an orc high priest, a rust devil, a
chaos spawn, 3 wargs, an orc sorcerer, a red devil, 2 orc warriors, 2 orc
priests and 4 orcs.

Vanquished Creatures
  Rupert (Lair:4)
  Azrael (D:13)
  The ghost of darkdramon the Quickloader, a journeyman KoHu of Okawaru (Lair:4)
  A minotaur (Lab)
  2 fire dragons
  8 hydras
  Fannar (D:11)
  A vault guard (D:14)
  An ice dragon (D:15)
  4 centaur warriors
  A death knight (D:15)
  The ghost of PrincessPwny the Cleaver, a novice DsBe of Trog (D:9)
  Sonja (Lair:2)
  2 unseen horrors
  2 wolf spider zombies
  6 hill giants
  An orc knight (Orc:1)
  An orb spider (Lair:2)
  3 ugly things
  2 deep elf magi
  The ghost of alcopop the Slicer, a novice VSAM of Elyvilon (D:8)
  A cyclops (D:14)
  8 elephants
  2 black mambas
  Maurice (D:9)
  A torpor snail (Lair:5)
  2 gargoyles
  6 spiny frogs
  7 komodo dragons
  A rime drake (Lair:6)
  2 efreet (D:15)
  2 ice devils (D:11)
  A freezing wraith (D:15)
  3 kobold demonologists
  2 tengu conjurers (D:15)
  2 trolls
  A two-headed ogre (D:15)
  A queen bee (Lair:2)
  8 polar bears (Lair:6)
  A hornet (D:10)
  Grinder (D:5)
  3 raiju (Lair:6)
  2 dream sheep (D:11)
  A meliai zombie (D:11)
  4 blink frogs (Lair:3)
  14 hippogriffs
  3 slime creatures
  Sigmund (D:2)
  6 shadows
  4 vampires
  A tarantella (shapeshifter) (D:15)
  A water elemental (D:15)
  3 wraiths
  25 yaks
  4 fire elementals (D:13)
  11 vampire mosquitoes
  7 basilisks
  4 hungry ghosts
  2 steam dragons
  Grum (D:9)
  6 mottled dragons
  Edmund (D:5)
  3 insubstantial wisps (Lair:2)
  9 wargs
  13 water moccasins
  7 hell hounds
  5 porcupines
  4 ice beasts
  22 orc warriors
  3 sky beasts (D:12)
  14 black bears
  7 ogres
  6 phantoms
  19 wolves
  23 centaurs
  10 crocodiles
  5 big kobolds
  14 bullfrogs
  A gnoll sergeant (D:7)
  4 scorpions
  3 wyvern skeletons
  23 wights
  35 killer bees
  A howler monkey (D:5)
  2 electric eels
  2 spriggan skeletons (Lab)
  17 crimson imps
  3 bullfrog zombies
  3 centaur zombies
  A quasit (D:5)
  19 orc priests
  A bullfrog skeleton (D:5)
  A jelly (D:5)
  18 hounds
  28 orc wizards
  7 centaur skeletons
  5 iguanas
  7 worker ants
  An ogre skeleton (Lab)
  A hound zombie (D:6)
  A hound skeleton (D:5)
  A howler monkey zombie (D:6)
  11 gnolls
  12 adders
  2 shadow imps
  An ooze (D:3)
  2 adder zombies (D:5)
  An adder skeleton (D:6)
  2 worms (D:3)
  2 dart slugs (D:1)
  7 leopard geckos
  71 orcs
  2 giant cockroaches
  8 goblins
  9 hobgoblins
  20 jackals
  3 quokkas
  2 ball pythons (D:3)
  A ball python zombie (D:5)
  7 bats
  11 frilled lizards
  19 kobolds
  A quokka skeleton (D:6)
  10 rats
  A plant (Lair:6)
753 creatures vanquished.

Vanquished Creatures (others)
  An unseen horror (D:15)
  A basilisk (Lair:6)
  A mottled dragon (Lair:6)
  A sky beast (D:14)
  An adder (D:12)
  A fungus (Lair:2)
  11 plants
17 creatures vanquished.

Grand Total: 770 creatures vanquished

Notes
Turn   | Place    | Note
-------+----------+-------------------------------------------
     0 | D:1      | Eucla the Gargoyle Gladiator began the quest for the Orb.
     0 | D:1      | Reached XP level 1. HP: 12/12 MP: 1/1
   163 | D:1      | Reached XP level 2. HP: 17/17 MP: 2/2
   346 | D:1      | Reached XP level 3. HP: 10/21 MP: 3/3
  1137 | D:2      | Reached XP level 4. HP: 26/26 MP: 4/4
  1203 | D:2      | Gained mutation: You possess an exceptional clarity of mind. [potion of beneficial mutation]
  1213 | D:2      | Reached skill level 5 in Staves
  1539 | D:2      | Noticed Sigmund
  1559 | D:2      | Killed Sigmund
  1559 | D:2      | Reached XP level 5. HP: 25/30 MP: 5/5
  1559 | D:2      | Reached XP level 6. HP: 29/35 MP: 6/6
  2967 | D:4      | Noticed a phantom
  2991 | D:4      | Killed a phantom
  2991 | D:4      | Reached XP level 7. HP: 35/40 MP: 7/7
  3823 | D:5      | Entered Level 5 of the Dungeon
  4159 | D:5      | Reached XP level 8. HP: 27/44 MP: 8/8
  4324 | D:5      | Noticed Edmund
  4326 | D:5      | Noticed Prince Ribbit
  4343 | D:5      | Killed Edmund
  4343 | D:5      | Reached skill level 10 in Staves
  4406 | D:5      | Noticed Grinder
  4420 | D:5      | Killed Grinder
  4475 | D:5      | Found a staircase to the Ecumenical Temple.
  4490 | Temple   | Entered the Ecumenical Temple
  4606 | Temple   | Became a worshipper of Gozag Ym Sagoz the Greedy
  5073 | D:6      | Reached XP level 9. HP: 48/48 MP: 9/9
  6344 | D:7      | HP: 2/48 [orc priest/divine providence (11)]
  7075 | D:7      | Reached XP level 10. HP: 33/53 MP: 10/10
  7461 | D:8      | Noticed alcopop's ghost (novice VSAM)
  7515 | D:8      | Killed alcopop's ghost
  7718 | D:8      | Reached skill level 1 in Armour
  7925 | D:8      | Found a staircase to the Lair.
  8639 | D:9      | Noticed PrincessPwny's ghost (novice DsBe)
  8679 | D:9      | Killed PrincessPwny's ghost
  8946 | D:9      | Noticed Maurice
  8958 | D:9      | Killed Maurice
  8958 | D:9      | Reached skill level 5 in Fighting
  9068 | D:9      | Noticed a centaur warrior
  9091 | D:9      | Killed a centaur warrior
  9091 | D:9      | Reached XP level 11. HP: 55/64 MP: 11/11
  9446 | D:9      | Reached skill level 5 in Armour
  9669 | D:9      | Noticed Grum
  9684 | D:9      | Reached skill level 5 in Dodging
  9704 | D:9      | Killed Grum
  9777 | D:9      | Bought a +3 plate armour of fire resistance for 765 gold pieces
  9808 | D:10     | Entered Level 10 of the Dungeon
 10154 | D:10     | Noticed a hill giant
 10164 | D:10     | Killed a hill giant
 10345 | D:10     | Found Luylacs's Food Emporium.
 10352 | D:10     | Bought a bread ration for 50 gold pieces
 10722 | D:11     | Noticed an eight-headed hydra
 10745 | D:11     | Killed an eight-headed hydra
 11156 | D:11     | Found a frozen archway.
 11234 | IceCv    | Entered an ice cave
 11234 | IceCv    | Noticed a white ugly thing
 11407 | D:11     | Noticed Fannar
 11428 | D:11     | Killed Fannar
 11428 | D:11     | Reached XP level 12. HP: 75/75 MP: 12/12
 12028 | D:11     | Noticed a two-headed hydra
 12041 | D:11     | Killed a two-headed hydra
 12156 | Lair:1   | Entered Level 1 of the Lair of Beasts
 13834 | Lair:2   | Reached skill level 10 in Fighting
 14140 | Lair:2   | Found a staircase to the Swamp.
 14204 | Lair:2   | Noticed Sonja
 14227 | Lair:2   | Killed Sonja
 14227 | Lair:2   | Reached skill level 10 in Armour
 14391 | Lair:2   | Found a hole to the Spider Nest.
 14420 | Lair:2   | Reached XP level 13. HP: 69/83 MP: 13/13
 15382 | Lair:4   | Noticed darkdramon's ghost (journeyman KoHu)
 15414 | Lair:4   | Killed darkdramon's ghost
 15663 | Lair:4   | Noticed Rupert
 15692 | Lair:4   | Killed Rupert
 17461 | Lair:6   | Entered Level 6 of the Lair of Beasts
 17545 | Lair:6   | Gained mutation: Your muscles are strong. (Str +2) [potion of mutation]
 17545 | Lair:6   | Gained mutation: Your mind is acute. (Int +2) [potion of mutation]
 17545 | Lair:6   | Gained mutation: You are robust. (+10% HP) [potion of mutation]
 17844 | Lair:6   | Found a staircase to the Slime Pits.
 18053 | Lair:6   | Gained mutation: Your large and strong wings let you fly indefinitely. [Gargoyle growth]
 18053 | Lair:6   | Reached XP level 14. HP: 101/101 MP: 14/14
 18295 | Lair:6   | Reached skill level 10 in Dodging
 19894 | D:12     | Found a labyrinth entrance.
 19933 | Lab      | Entered a labyrinth
 20319 | Lab      | Got a warped bone ring
 20327 | Lab      | Identified Sif Muna's Catalogue of Ashen Air
 20331 | Lab      | Got a bloodstained demon blade
 20333 | Lab      | Identified the +4 demon blade "Biggex" {vamp, -Tele rF+ MP+9 Int+5} (You found it in a labyrinth)
 20335 | Lab      | Identified the ring of New Discoveries {rF+ rC++ Slay+3} (You took it off a minotaur in a labyrinth)
 20346 | Lab      | Gained mutation: Your mind is very acute. (Int +4) [potion of beneficial mutation]
 20484 | D:12     | Found a staircase to the Orcish Mines.
 21700 | D:13     | Noticed Azrael
 21738 | D:13     | Killed Azrael
 22004 | D:13     | Gained mutation: Your body sometimes deteriorates upon taking damage. [a neqoxec]
 22243 | D:14     | Reached XP level 15. HP: 110/110 MP: 15/15
 22854 | D:14     | Found a gate to the Vaults.
 23284 | D:15     | Entered Level 15 of the Dungeon
 23898 | D:15     | Found a staircase to the Depths.
 24427 | D:15     | Found a shadowy altar of Dithmenos.
 24515 | D:15     | Bought a scroll of identify for 24 gold pieces
 24515 | D:15     | Bought a scroll of recharging for 114 gold pieces
 24515 | D:15     | Bought 3 scrolls of identify for 72 gold pieces
 24647 | Orc:1    | Entered Level 1 of the Orcish Mines
 24682 | Orc:1    | Found a roughly hewn altar of Beogh.
 25627 | Orc:2    | Entered Level 2 of the Orcish Mines
 25707 | Orc:2    | Slain by an orc knight

Skill      XL: |  1  2  3  4  5  6  7  8  9 10 11 12 13 14 15 |
---------------+----------------------------------------------+-----
Staves         | 4 6 7 9 11 13 14 | 14.1
Armour         | 4 7 10 11 13 14 | 14.3
Fighting       | 5 8 10 12 13 14 | 14.5
Dodging        | 4 6 8 9 11 | 11.8
Throwing       | |  1.7

Action                   |  1- 3 |  4- 6 |  7- 9 | 10-12 | 13-15 || total
-------------------------+-------+-------+-------+-------+-------++-------
Melee: Quarterstaff      |   126 |   173 |   453 |  1318 |  2272 ||  4342
       Staff             |       |       |   149 |       |       ||   149
Invok: Potion Petition   |       |       |       |     2 |     1 ||     3
       Call Merchant     |       |       |       |     1 |     2 ||     3
 Abil: Evoke Berserk Rag |       |       |     3 |     6 |     6 ||    15
Evoke: Wand              |       |       |       |       |     1 ||     1
  Use: Potion            |       |     8 |     5 |     2 |     5 ||    20
       Scroll            |       |     1 |    15 |     8 |    15 ||    39
 Stab: Invisible         |       |     3 |       |       |       ||     3
       Distracted        |       |       |       |     6 |     8 ||    14
  Eat: Chunk             |     1 |     1 |       |       |       ||     2
       Fruit             |       |     3 |       |    15 |    15 ||    33
       Beef jerky        |       |     1 |     1 |       |    12 ||    14
       Meat ration       |       |     1 |     3 |     3 |     1 ||     8
       Pizza             |       |       |     2 |     2 |     8 ||    12
       Royal jelly       |       |       |       |       |     5 ||     5
Armor: Leather armour    |    37 |       |       |       |       ||    37
       Ring mail         |    13 |    78 |     8 |       |       ||    99
       Skin              |       |    23 |       |       |       ||    23
       Chain mail        |       |       |   362 |   232 |       ||   594
       Plate armour      |       |       |       |   629 |  1596 ||  2225
Dodge: Dodged            |    96 |   116 |   197 |   469 |  1155 ||  2033
